AoeStats
← Augustus Bombastus von Hohenheim

Lombardia

508844308Analyzed
4v4 RM · 9d ago on Sep 24, 2026· 46m 51s· 8 players
Game mode
Random Map
Map size
Large (8 player)
Population
200
Speed
Normal
Resources
Standard
Victory
Conquest
Starting age
Dark Age
Ending age
Imperial Age
RankedLock teamsTeams togetherTeam positionsShared explorationLock speedFull tech treeHidden civsTurbo modeCheats
Victory
Defeat
1699
+8
🇨🇦 Mongols · Canada
1582
+13
🇦🇹 Saxons · Austria
1463
+17
🇦🇷 Poles · Argentina
1420
+20
🇦🇺 Huns · Australia
1540
-16
🇹🇼 Varangians · Taiwan
1511
-15
🇨🇳 Lithuanians · China
1494
-14
🇩🇪 Danes · Germany
1464
-13
只会种田
10:14 Feudal Age
14:17 Castle Age
13:33 Loom
16:11 Double-Bit Axe
21:27 Horse Collar
23:49 Wheelbarrow
24:16 Heavy Plow
24:32 Bow Saw
26:33 Gold Mining
29:58 Imperial Age
27:47 Hand Cart
27:27 Stone Mining
29:55 Stone Shaft Mining
29:03 Treadmill Crane
29:32 Scale Barding Armor
30:49 Bloodlines
30:39 Husbandry
31:16 Chain Barding Armor
31:34 Forging
32:14 Crop Rotation
33:15 Plate Barding Armor
33:53 Iron Casting
34:42 Conscription
33:59 Elite Leitis
35:13 Fletching
36:05 Hoardings
37:29 Bodkin Arrow
39:34 Chemistry
41:05 Hill Forts
41:44 Tower Shields
42:32 Town Watch
42:20 Elite Skirmisher
43:06 Thumb Ring
43:07 Bracer
43:07 Padded Archer Armor
43:32 Ballistics
42:52 Capped Ram
44:31 Pikeman
45:11 Squires
44:56 Arson
45:30 Caravan
45:36 Halberdier
46:45 Leather Archer Armor
软脚虾3号
9:03 Loom
10:57 Feudal Age
15:07 Castle Age
13:19 Double-Bit Axe
13:17 Horse Collar
16:59 Bow Saw
19:35 Heavy Plow
25:46 Wheelbarrow
25:57 Gold Mining
25:57 Stone Mining
29:31 Imperial Age
27:40 Hand Cart
27:53 Town Watch
28:55 Gold Shaft Mining
28:55 Stone Shaft Mining
28:48 Fletching
28:59 Padded Archer Armor
29:25 Bloodlines
29:15 Husbandry
29:32 Bodkin Arrow
30:03 Thumb Ring
31:17 Chemistry
29:56 Cranequins
31:01 Conscription
30:44 Bracer
31:02 Leather Archer Armor
31:59 Caravan
31:45 Heavy Mounted Crossbowman
33:14 Ring Archer Armor
33:41 Ballistics
34:54 Masonry
34:32 Onager
36:46 Siege Onager
37:53 Capped Ram
39:08 Siege Engineers
39:06 Scale Mail Armor
39:16 Forging
39:15 Elite Jomsviking
39:16 Hamask
40:13 Chain Mail Armor
40:02 Squires
39:47 Arson
40:51 Siege Ram
42:18 Plate Mail Armor
42:23 Iron Casting
ResonanceFreq
10:39 Feudal Age
12:01 Double-Bit Axe
14:31 Castle Age
13:13 Horse Collar
15:46 Fletching
21:24 Bow Saw
24:16 Bodkin Arrow
25:36 Wheelbarrow
26:09 Gold Mining
26:57 Hand Cart
27:29 Ballistics
28:21 Padded Archer Armor
29:09 Gold Shaft Mining
29:39 Husbandry
32:29 Imperial Age
30:53 Bloodlines
31:00 Leather Archer Armor
32:48 Thumb Ring
33:28 Bracer
34:29 Chemistry
34:00 Parthian Tactics
33:31 Heavy Cavalry Archer
37:18 Two-Man Saw
36:20 Heavy Plow
Sunny Day
8:10 Loom
10:23 Feudal Age
14:47 Castle Age
13:43 Double-Bit Axe
14:31 Fletching
14:54 Forging
18:23 Iron Casting
21:08 Gold Mining
26:30 Wheelbarrow
26:27 Horse Collar
27:26 Husbandry
28:01 Bloodlines
28:01 Town Watch
30:38 Hand Cart
34:50 Imperial Age
32:29 Scale Barding Armor
32:11 Light Cavalry
32:58 Stone Mining
34:46 Chain Barding Armor
35:17 Vendel Legacy
36:03 Elite Jarl
37:55 Blast Furnace
37:18 Ballistics
38:10 Plate Barding Armor
38:38 Bow Saw
38:29 Heavy Plow
40:25 Conscription
40:48 Cavalier
40:54 Hussar
46:13 Two-Man Saw
45:44 Crop Rotation
47:57 Chemistry
47:03 Siege Engineers
47:09 Masonry
46:39 Treadmill Crane
IRON MIKE
6:23 Loom
8:33 Feudal Age
9:04 Man-at-Arms
13:43 Horse Collar
13:52 Double-Bit Axe
23:20 Castle Age
24:34 Bow Saw
25:19 Wheelbarrow
24:45 Heavy Plow
24:41 Gold Mining
25:48 Scale Mail Armor
25:58 Forging
25:51 Squires
30:02 Ballistics
34:10 Imperial Age
32:34 Chain Mail Armor
32:55 Iron Casting
32:26 Stone Mining
33:10 Fortified Wall
33:11 Masonry
33:43 Gambesons
34:42 Caravan
35:04 Hand Cart
35:52 Plate Mail Armor
35:11 Arson
35:48 Conscription
35:46 Pikeman
37:04 Elite Varangian Guard
38:31 Shield Wall
43:01 Clerical Recruitment
46:05 Halberdier
47:04 Block Printing
TomRiddle
8:24 Feudal Age
9:01 Double-Bit Axe
9:26 Horse Collar
9:38 Loom
14:46 Wheelbarrow
17:52 Castle Age
18:51 Bow Saw
18:05 Light Cavalry
18:55 Heavy Plow
19:14 Hand Cart
21:52 Hand Cart
30:00 Imperial Age
27:36 Gold Mining
28:07 Fletching
28:18 Padded Archer Armor
29:01 Bodkin Arrow
29:21 Stone Mining
30:08 Gold Shaft Mining
30:45 Bracer
31:03 Caravan
31:51 Stone Shaft Mining
31:48 Conscription
31:22 Town Watch
32:24 Ballistics
33:06 Chemistry
32:23 Husbandry
32:37 Bloodlines
32:58 Thumb Ring
34:13 Parthian Tactics
34:04 Leather Archer Armor
33:44 Elite Mangudai
35:12 Capped Ram
36:19 Siege Ram
39:07 Siphons
39:09 Nomads
39:33 Drill
40:36 Coinage
42:24 Banking
46:24 Hoardings
AoBD | ロイヤル
7:19 Loom
9:43 Feudal Age
10:32 Double-Bit Axe
11:06 Horse Collar
17:09 Wheelbarrow
20:38 Castle Age
19:41 Bloodlines
21:26 Scale Barding Armor
21:02 Light Cavalry
23:11 Husbandry
23:36 Szlachta Privileges
24:16 Chain Barding Armor
36:22 Bow Saw
38:10 Hand Cart
41:19 Imperial Age
40:28 Heavy Plow
41:24 Forging
41:23 Winged Hussar
43:22 Lechitic Legacy
Augustus Bombastus von Hohenheim
7:14 Loom
10:07 Feudal Age
10:36 Double-Bit Axe
10:32 Horse Collar
11:40 Man-at-Arms
12:06 Arson
19:45 Castle Age
21:59 Bow Saw
21:50 Heavy Plow
24:15 Wheelbarrow
24:33 Town Watch
24:39 Gold Mining
28:26 Hand Cart
28:03 Stone Mining
31:37 Imperial Age
29:31 Fletching
29:41 Padded Archer Armor
31:00 Scale Barding Armor
30:51 Bodkin Arrow
32:20 Bracer
32:37 Leather Archer Armor
33:41 Conscription
34:24 Chemistry
34:03 Thumb Ring
34:54 Ballistics
34:13 Elite Elephant Archer
37:30 Ring Archer Armor
38:49 Masonry
39:35 Siege Elephant
40:37 Chain Barding Armor
40:24 Medical Corps
41:44 Hoardings
45:47 Caravan
46:01 Guilds
46:07 Pikeman
46:47 Squires
46:49 Scale Mail Armor
46:59 Forging
Connection lost

Rejoining the realm…

Still unreachable

The connection could not be restored.

Session expired

The server has moved on; the page needs a fresh start.